cohdb
Replays
Latest Replays
All Replays
Popular Replays
Top Player Replays
Match Explorer
How It Works
Community
CoH3 Stats
Reddit
Sign in to upload your games and track your stats! →
Sign in with Steam
Match 41700848
Unlisted
Match 41700848
Overview
Messages
Build Orders
End
Construct Infanterie Kompanie
Selects Terror Battlegroup
Selects Machine Gun Camouflage
Grenadier Squad
MG 42 Machine Gun Team
Grenadier Squad
GrW 34 Mortar Team
Construct Luftwaffe Kompanie
Medical Bunker
Selects Contempt for the Weak
Jäger Squad
Support Elements
Wirbelwind Flakpanzer
Marder III M Tank Destroyer
Jäger Squad
Selects Jericho Trumpet
Jericho Trumpet
Marder III M Tank Destroyer
Selects Defend the Fatherland
Marder III M Tank Destroyer
Luftwaffe Officer Quarters
Construct Panzer Kompanie
Construct Panzergrenadier Kompanie
Selects V1 Rocket Strike
Nebelwerfer 42 Rocket Launcher Team
Pioneer Squad
Kettenkrad Recon Vehicle
V1 Rocket Strike
Masakr50
KalesnikovCZ
Microsoft Outlook
deadsadbadmad
0
0
Comments
sign in to comment!
No comments posted yet!